 Dungeon Crawl Stone Soup version 0.31.0-12-g77e489cdc1 (webtiles) character file.

Game seed: 12967158910439356658

625 Fodor the Covered (level 7, -7/61 HPs)
             Began as a Minotaur Fighter on Feb 13, 2024.
             Mangled by Prince Ribbit (13 damage)
             ... on level 5 of the Dungeon.
             The game lasted 00:20:02 (4428 turns).

Fodor the Covered (Minotaur Fighter)                Turns: 4428, Time: 00:20:02

Health: -7/61      AC: 12    Str: 23    XL:     7   Next: 23%
Magic:  6/6        EV:  6    Int:  5    God:
Gold:   280        SH:  4    Dex:  9    Spells: 6/6 levels left

rFire   . . .        a - +0 war axe
rCold   . . .        c - +0 buckler
rNeg    . . .        f - +0 plate armour
rPois   .            (helmet restricted)
rElec   .            (no cloak)
rCorr   .            (no gloves)
SInv    .            (no boots)
Will    .....        (no amulet) Stlth
                     (no ring)
HPRegen 0.30/turn    (no ring)
MPRegen 0.10/turn

%: no passive effects
@: no status effects
A: horns 2, retaliatory headbutt
a: no special abilities


You were on level 5 of the Dungeon.
You visited 1 branch of the dungeon, and saw 5 of its levels.

You collected 280 gold pieces.

Inventory:

Hand Weapons
 a - a +0 war axe (weapon)
 B - a +0 orcbow
Armour
 c - a +0 buckler (worn)
 f - a +0 plate armour (worn)
Jewellery
 x - a ring of magical power
Talismans
 p - a granite talisman
Wands
 h - a wand of flame (12)
 r - a wand of polymorph (6)
 s - a wand of digging (5)
 y - a wand of quicksilver (9)
 z - a wand of paralysis (8)
Scrolls
 g - a scroll of amnesia {unknown}
 j - a scroll of fear {unknown}
 k - a scroll of vulnerability {unknown}
 l - 3 scrolls of identify {unknown}
 m - a scroll of enchant weapon {unknown}
 n - 2 scrolls of poison {unknown}
 t - 2 scrolls of revelation {unknown}
 v - a scroll of teleportation {unknown}
 A - a scroll of immolation {unknown}
Potions
 b - a potion of attraction {unknown}
 d - a potion of might
 e - 4 potions of curing {unknown}
 i - a potion of heal wounds {unknown}
 o - a potion of mutation {unknown}
 q - a potion of haste {unknown}
 u - a potion of enlightenment {unknown}
 w - a potion of resistance {unknown}


   Skills:
 + Level 5.4 Fighting
 + Level 6.0 Axes
 + Level 6.3 Armour
 + Level 0.3 Dodging
 + Level 0.1 Stealth
 + Level 5.1 Shields


You had 6 spell levels left.
You didn't know any spells.
Your spell library contained the following spells:

 Spells                   Type           Power      Damage    Failure   Level
 Blink                    Tloc           0%         N/A       100%        2
 Cigotuvi's Dreadful Rot  Necr/Alch/Air  0%         N/A       100%        2
 Lesser Beckoning         Tloc           0%         N/A       100%        2
 Momentum Strike          Conj/Tloc      0%         3d8       100%        2
 Ignite Poison            Fire/Alch      0%         N/A       100%        4
 Freezing Cloud           Conj/Ice/Air   0%         6-21      100%        5


Dungeon Overview and Level Annotations

Branches:
Dungeon (5/15)
 Temple: D:4-7

Altars:

Shops:
D:1 *

Annotations:
D:5 Prince Ribbit


Innate Abilities, Weirdness & Mutations

You have a pair of horns on your head.
You reflexively headbutt those who attack you in melee.


Message History

You barely miss Prince Ribbit. You headbutt Prince Ribbit.
Prince Ribbit is moderately wounded.
Prince Ribbit hits you!
* * * LOW HITPOINT WARNING * * *
Prince Ribbit completely misses you.
You miss Prince Ribbit.
Prince Ribbit is moderately wounded.
Prince Ribbit blinks!
Prince Ribbit barely misses you.
Prince Ribbit blinks!
Prince Ribbit lets out a mournful croak.
Prince Ribbit blinks!
There is a stone staircase leading up here.
You can't go down here!
You climb upwards.
There is a stone staircase leading down here.
You start resting.
HP restored.
You climb downwards.
Level annotation: Prince Ribbit Prince Ribbit hits you!
You block Prince Ribbit's attack.
There is a stone staircase leading up here.
Prince Ribbit hits you! x2
Prince Ribbit hits you.
You barely miss Prince Ribbit.
Prince Ribbit hits you but does no damage.
Prince Ribbit hits you.
You closely miss Prince Ribbit. Prince Ribbit hits you.
You barely miss Prince Ribbit. Prince Ribbit hits you. Prince Ribbit hits you!
* * * LOW HITPOINT WARNING * * *
You slash Prince Ribbit!
Prince Ribbit is moderately wounded.
Prince Ribbit hits you!
* * * LOW HITPOINT WARNING * * *
Prince Ribbit hits you but does no damage.
You miss Prince Ribbit.
Prince Ribbit is moderately wounded.
Prince Ribbit blinks! x2
Prince Ribbit hits you!
You die...

♣♣###.# #..#
##.#######..#
#........#..#
##########.......#...
#........#.......#.##
##
#........#.......#.#
.#
#...<............#.#
.#
#...F§....#......#.##
.#
##...@.....##.###.#...
.# #.............#
##### .#
#........###### ##
#........# ######
#........# .....####
#........# ..#
.....'..# #.########
## #.# .....##.# #.#
... #.# .....##.#
#.######. #.##.#


You could see Prince Ribbit.

Vanquished Creatures
  Grinder (D:5)
  A scorpion (D:5)
  3 hounds (D:4)
  An iguana (D:5)
  3 orc wizards (D:3)
  5 gnolls
  3 adders
  A white imp (D:5)
  A ribbon worm (D:3)
  A dart slug (D:4)
  4 orcs
  11 endoplasms
  4 giant cockroaches
  6 goblins
  6 hobgoblins
  7 kobolds
  5 quokkas
  5 ball pythons
  2 bats
  A frilled lizard (D:2)
  21 rats
92 creatures vanquished.

Notes
Turn   | Place    | Note
-------+----------+-------------------------------------------
     0 | D:1      | Fodor the Minotaur Fighter began the quest for the Orb.
     0 | D:1      | Reached XP level 1. HP: 19/19 MP: 0/0
   155 | D:1      | Reached XP level 2. HP: 27/27 MP: 1/1
   395 | D:1      | Found Exkill's General Store.
   766 | D:2      | Reached XP level 3. HP: 33/33 MP: 2/2
  1395 | D:2      | Found a faded altar of an unknown god.
  1765 | D:3      | Reached XP level 4. HP: 38/41 MP: 3/3
  1773 | D:3      | Reached skill level 5 in Armour
  1803 | D:3      | Reached XP level 5. HP: 42/47 MP: 4/4
  3173 | D:4      | Reached XP level 6. HP: 14/55 MP: 5/5
  3385 | D:5      | Entered Level 5 of the Dungeon
  3613 | D:5      | Reached skill level 5 in Fighting
  3613 | D:5      | Reached skill level 5 in Axes
  3777 | D:5      | Reached skill level 5 in Shields
  4061 | D:5      | Noticed Grinder
  4071 | D:5      | Killed Grinder
  4072 | D:5      | Reached XP level 7. HP: 38/61 MP: 6/6
  4235 | D:5      | Noticed Prince Ribbit
  4428 | D:5      | Mangled by Prince Ribbit

Illustrated notes

Levels and vault maps discovered:
D:1:      saegor_arrival_simple_c, layout_basic, serial_shops, shop
D:2:      layout_basic, nicolae_ecumenical_lake_church, minmay_rat_hole
D:3:      layout_basic
D:4:      layout_basic, cheibrodos_gnoll_hut
D:5:      layout_basic, uniq_prince_ribbit1, uniq_crazy_yiuf_cottage,
          uniq_grinder

Skill      XL: |  1  2  3  4  5  6  7 |
---------------+----------------------+-----
Fighting       | 4 5 |  5.4
Armour         | 4 5 6 |  6.3
Shields        | 4 5 |  5.1
Axes           | 3 4 5 6 |  6.0
Dodging        | |  0.3
Stealth        | |  0.1

Action                     |  1- 3 |  4- 6 |  7- 9 || total
---------------------------+-------+-------+-------++-------
  Melee: War axe           |    98 |   116 |    24 ||   238
         Headbutt          |     8 |    16 |     2 ||    26
 Armour: Scale mail        |    19 |       |       ||    19
         Plate armour      |    85 |   129 |    27 ||   241
  Dodge: Dodged            |    30 |    43 |     5 ||    78
  Block: Buckler           |    17 |    26 |    11 ||    54
